 Dungeon Crawl Stone Soup version 0.30.0-15-g856e2d3f33 (webtiles) character file.

Game seed: 544781624037065544

11000 Daunt the Spear-Bearer (level 11, -8/81 HPs)
             Began as a Demonspawn Summoner on May 19, 2023.
             Was an Elder of Kikubaaqudgha.
             Engulfed by their own flame (18 damage)
             ... on level 9 of the Dungeon.
             The game lasted 00:52:52 (9583 turns).

Daunt the Spear-Bearer (Demonspawn Summoner)        Turns: 9583, Time: 00:52:53

Health: -8/81      AC: 12    Str:  8    XL:     11   Next: 43%
Magic:  12/17      EV: 24    Int: 21    God:    Kikubaaqudgha [****..]
Gold:   1508       SH:  0    Dex: 20    Spells: 5/18 levels left

rFire   . . .        a - melded +4 halberd
rCold   . . .        (shield currently unavailable)
rNeg    + + +        S - melded +0 steam dragon scales
rPois   +            l - melded +0 helmet
rElec   .            W - melded +2 cloak
rCorr   .            (gloves unavailable)
SInv    .            (boots currently unavailable)
Will    .....        R - amulet of faith
Stlth   +++          u - +6 ring of dexterity
HPRegen 0.33/turn    w - +5 ring of evasion
MPRegen 0.15/turn

%: faith
@: about to teleport, fungus-form, flying
A: melee confuse, terrified, no casting, tiny, foul stench 3, (sanguine armour
2), (demonic touch 3)
a: Renounce Religion, Unearth Wretches


You were on level 9 of the Dungeon.
You worshipped Kikubaaqudgha.
Kikubaaqudgha was greatly pleased with you.
You were a sentient fungus.
You visited 2 branches of the dungeon, and saw 10 of its levels.
You also visited: Bailey.

You collected 1508 gold pieces.

Inventory:

Hand Weapons
 a - a +4 halberd (melded)
 b - the +9 falchion of Nobbes {venom, rC- rN++ Will+++ Str+3}
   (You found it in a bailey)

   Str:       It affects your strength (+3).
   rC:        It makes you vulnerable to cold.
   rN:        It greatly protects you from negative energy.
   Will:      It greatly increases your willpower.
 K - a +1 vampiric trident
 X - a +0 glaive
Missiles
 C - 3 silver boomerangs
 D - 2 boomerangs
 G - 8 curare-tipped darts
 O - 7 poisoned darts
 V - 2 atropa-tipped darts
Armour
 l - a +0 helmet (melded)
 t - +1 fire dragon scales
 S - +0 steam dragon scales (melded)
 T - a +2 kite shield
 W - a +2 cloak (melded)
Jewellery
 m - a ring of protection from fire
 u - a +6 ring of dexterity (left hypha)
 w - a +5 ring of evasion (right hypha)
 F - a ring of poison resistance
 R - an amulet of faith (around neck)
Wands
 d - a wand of paralysis (3)
 i - a wand of iceblast (9)
 j - a wand of polymorph (5)
 E - a wand of flame (41)
Scrolls
 e - 2 scrolls of immolation {unknown}
 g - a scroll of silence {unknown}
 n - a scroll of magic mapping {unknown}
 o - 3 scrolls of teleportation
 p - 2 scrolls of noise {unknown}
 q - 4 scrolls of enchant weapon {unknown}
 s - 3 scrolls of fog {unknown}
 x - 2 scrolls of fear {unknown}
 y - 2 scrolls of vulnerability {unknown}
 H - a scroll of enchant armour {unknown}
 I - a scroll of butterflies {unknown}
 Q - a scroll of poison {unknown}
 Z - a scroll of blinking {unknown}
Potions
 c - 7 potions of might
 f - 2 potions of cancellation
 h - 3 potions of curing
 r - a potion of berserk rage
 v - 5 potions of haste
 z - a potion of lignification
 A - 2 potions of attraction {unknown}
 B - 2 potions of flight
 J - 3 potions of mutation {unknown}
 L - 2 potions of heal wounds {unknown}
 M - a potion of invisibility {unknown}
 N - 2 potions of brilliance
 Y - a potion of magic


   Skills:
 - Level 6.1 Fighting
 - Level 12.5 Polearms
 - Level 1.7 Dodging
 - Level 3.0 Stealth
 + Level 4.2 Spellcasting
 + Level 3.3 Hexes
 - Level 6.0 Summonings
 + Level 7.6 Necromancy


You had 5 spell levels left.
You knew the following spells:

 Your Spells              Type           Power      Damage    Failure   Level
a - Summon Small Mammal   Summ           100%       N/A       1%          1
c - Call Canine Familiar  Summ           29%        N/A       3%          3
d - Animate Dead          Necr           36%        N/A       4%          4
g - Summon Guardian Gole  Hex/Summ       24%        N/A       4%          3
i - Call Imp              Summ           58%        N/A       1%          2

Your spell library contained the following spells:

 Spells                   Type           Power      Damage    Failure   Level
 Necrotise                Necr           100%       1d9       1%          1
 Vampiric Draining        Necr           36%        2d8       1%          3
 Kiss of Death            Conj/Necr      80%        2d11      2%          1
 Slow                     Hex            72%        N/A       3%          1
 Dispel Undead            Necr           36%        3d15      4%          4
 Cigotuvi's Dreadful Rot  Necr/Pois/Air  30%        N/A       6%          2
 Confusing Touch          Hex            18%        N/A       9%          3
 Anguish                  Hex/Necr       13%        N/A       12%         4
 Agony                    Necr           36%        N/A       14%         5
 Inner Flame              Hex/Fire       11%        N/A       17%         3
 Lesser Beckoning         Tloc           8%         N/A       19%         2
 Static Discharge         Conj/Air       8%         2-3/arc   19%         2
 Gell's Gravitas          Tloc           4%         N/A       34%         3
 Teleport Other           Tloc           4%         N/A       34%         3
 Summon Lightning Spire   Summ/Air       17%        N/A       34%         4
 Leda's Liquefaction      Hex/Erth       5%         N/A       50%         4
 Airstrike                Air            2%         2d(1-17)  75%         4
 Flame Wave               Conj/Fire      4%         2d5       75%         4
 Sticky Flame             Conj/Fire      4%         2d3       75%         4
 Lee's Rapid Deconstruct  Erth           2%         3d4*      97%         5
 Death Channel            Necr           18%        N/A       61%         6
 Statue Form              Tmut/Erth      2%         N/A       100%        6


Dungeon Overview and Level Annotations

Branches:
Dungeon (9/15)             Temple (1/1) D:5          Bailey (visited)
   Lair: D:8-11         Orc: D:9-12

Altars:
Ashenzari
Cheibriados
Fedhas
Hepliaklqana
Kikubaaqudgha
Ru
Trog
Vehumet
Wu Jian
Xom

Shops:
D:1 :

Annotations:
D:3 Grinder


Innate Abilities, Weirdness & Mutations

You are a sentient fungus.
You are tiny and evasive.
Your melee attack releases spores that confuse breathing creatures.
You become terrified and freeze when enemies are visible.
Your armour is entirely melded.
You are incapable of wielding weapons or throwing items.
You cannot cast spells.
You frequently emit foul miasma when damaged in melee.
((When seriously injured, your blood forms thick armour. (AC +0)))
((Your touch may irresistibly damage your foes and sap their willpower.))


Message History

Your guardian golem disappears in a puff of smoke!
Your guardian golem explodes!
The fiery explosion engulfs the troll!!
The fiery explosion engulfs you!!
The fiery explosion engulfs Psyche!!!
Psyche dies!
Kikubaaqudgha accepts your kill. The wraith hits you!
You emit a cloud of foul miasma!
Your hound barely misses the wraith.
Unknown command.
Unknown command.
As you read the scroll of teleportation, it crumbles to dust.
You feel strangely unstable.
You are engulfed in blazing flames.
* * * LOW HITPOINT WARNING * * *
The wraith completely misses you.
The orc wizard points at you and mumbles some strange words.
The puff of flame hits you.
* * * LOW HITPOINT WARNING * * *
The troll is engulfed in blazing flames.
The troll dies!
Kikubaaqudgha accepts your kill.
An orc comes into view. It is wielding a +0 falchion.
Your hound bites the wraith but does no damage.
Unknown command.
Unknown command.
Unknown command.
You feel better.
You are engulfed in blazing flames.
* * * LOW HITPOINT WARNING * * *
The orc warrior hits your hound with a +2 heavy trident!
Your hound dies!
Your hound's corpse disappears in a puff of smoke!
The wraith closely misses you.
Unknown command.
Unknown command.
Unknown command.
Unknown command.
It was a potion of flight.
You feel very buoyant.
You fly up into the air.
You are engulfed in blazing flames.
You die...
Kikubaaqudgha rasps: "You have failed me!
Welcome... death!"

.........# ..o......# ###
.........###...
..........#.... ##
......o§..... .#
##...oooo#.. .#
......§§§W# .######
......§°f.# .......
......§§§.# ...##
#..........####..#
...###.........>.........
.......# #.......######..
.....### ##.....#####
...#..# ####......#
.#.##<# ######.# .#..).##
#.#


You could see a wraith, an orc warrior, an orc wizard and 4 orcs.

Vanquished Creatures
  An orc knight (Bailey)
  2 centaur zombies (D:7)
  A vampire (D:9)
  2 steam dragons
  A vampire mosquito (D:6)
  2 ice beasts
  2 sky beasts (D:6)
  3 orc warriors
  A centaur (D:9)
  A gnoll sergeant (D:6)
  3 bullfrogs
  3 scorpions
  5 wights (D:8)
  A howler monkey (D:8)
  6 orc priests
  A hound (D:4)
  3 jellies
  A gnoll bouda (D:6)
  2 iguanas
  A sleepcap (D:5)
  6 orc wizards
  A boggart skeleton (D:7)
  5 adders
  8 gnolls
  3 shadow imps
  4 white imps
  2 worms (D:7)
  2 dart slugs
  34 orcs
  5 ball pythons
  4 endoplasms
  2 giant cockroaches
  6 goblins
  5 hobgoblins
  8 quokkas
  6 bats
  2 frilled lizards (D:3)
  9 kobolds
  5 rats
159 creatures vanquished.

Vanquished Creatures (collateral kills)
  A centaur zombie (D:7)
  A centaur skeleton (D:7)
  An ogre (D:5)
  A bullfrog (D:7)
  A scorpion (D:4)
  A howler monkey (D:7)
  An orc priest (D:5)
  A jelly (D:6)
  An orc wizard (D:9)
  3 gnolls
  9 adders
  2 shadow imps (D:7)
  A worm (D:3)
  3 dart slugs (D:1)
  6 orcs
  2 endoplasms (D:1)
  2 giant cockroaches (D:1)
  6 goblins (D:1)
  2 hobgoblins (D:1)
  2 kobolds (D:1)
  A quokka (D:1)
  4 ball pythons
  A bat (D:1)
  2 frilled lizards (D:2)
  2 rats
57 creatures vanquished.

Vanquished Creatures (others)
  A hydra (D:8)
  A two-headed ogre (D:8)
  A deep elf pyromancer (Bailey)
  A cyclops (D:8)
  A centaur zombie (D:7)
  A gargoyle (D:8)
  Psyche (D:9)
  2 trolls
  2 hellwings (D:7)
  A yak (D:8)
  3 vampire mosquitoes (D:6)
  An acid dragon (D:8)
  A water moccasin (D:7)
  7 orc warriors
  A black bear (D:8)
  A centaur (D:8)
  A kobold brigand (D:8)
  A gnoll sergeant (D:8)
  2 bullfrogs (D:8)
  3 wights (D:9)
  4 killer bees (D:9)
  A howler monkey (D:7)
  An orc wizard (D:8)
  5 orcs
  5 orc zombies (Bailey)
49 creatures vanquished.

Grand Total: 265 creatures vanquished

Notes
Turn   | Place    | Note
-------+----------+-------------------------------------------
     0 | D:1      | Daunt the Demonspawn Summoner began the quest for the Orb.
     0 | D:1      | Reached XP level 1. HP: 13/13 MP: 3/3
   310 | D:1      | Gained mutation: You may rarely emit foul miasma when
                  | damaged in melee. [demonic ancestry]
   310 | D:1      | Reached XP level 2. HP: 19/19 MP: 1/5
   313 | D:1      | Found Amez's Book Emporium.
   488 | D:1      | Learned a level 2 spell: Call Imp
   518 | D:1      | Gained mutation: Your touch may inflict minor irresistible
                  | damage on your foes. [demonic ancestry]
   518 | D:1      | Reached XP level 3. HP: 23/24 MP: 1/7
   890 | D:2      | Learned a level 3 spell: Call Canine Familiar
   922 | D:2      | Reached XP level 4. HP: 22/31 MP: 4/8
  1172 | D:2      | Reached skill level 1 in Fighting
  1287 | D:2      | Reached skill level 5 in Summonings
  1711 | D:3      | Noticed Grinder
  1777 | D:3      | Found a broken altar of Ashenzari.
  1862 | D:3      | Gained mutation: You sometimes emit foul miasma when
                  | damaged in melee. [demonic ancestry]
  1862 | D:3      | Reached XP level 5. HP: 38/38 MP: 4/9
  1956 | D:3      | Found a blossoming altar of Fedhas.
  2581 | D:4      | Learned a level 3 spell: Summon Guardian Golem
  2938 | D:4      | Gained mutation: Your touch may inflict irresistible damage
                  | on your foes. [demonic ancestry]
  2938 | D:4      | Reached XP level 6. HP: 47/47 MP: 4/10
  2942 | D:4      | Reached skill level 1 in Hexes
  3113 | D:4      | Identified a scroll of acquirement
  3114 | D:4      | Acquired 866 gold pieces
  3240 | D:4      | Found an ornate altar of the Wu Jian Council.
  3490 | D:5      | Entered Level 5 of the Dungeon
  3688 | D:5      | Gained mutation: When seriously injured, your blood forms
                  | armour. (AC +0) [demonic ancestry]
  3688 | D:5      | Reached XP level 7. HP: 52/52 MP: 0/12
  4013 | D:5      | Found a staircase to the Ecumenical Temple.
  4023 | Temple   | Entered the Ecumenical Temple
  4067 | Temple   | Became a worshipper of Kikubaaqudgha
  4155 | D:6      | Noticed a vampire mosquito
  4155 | D:6      | Noticed a vampire mosquito
  4155 | D:6      | Noticed a vampire mosquito
  4155 | D:6      | Noticed a vampire mosquito
  4282 | D:6      | Found a radiant altar of Vehumet.
  4404 | D:6      | Reached skill level 5 in Fighting
  4545 | D:6      | Gained mutation: Your touch may irresistibly damage your
                  | foes and sap their willpower. [demonic ancestry]
  4545 | D:6      | Reached XP level 8. HP: 41/64 MP: 6/14
  4771 | D:6      | Reached skill level 2 in Polearms
  4784 | D:6      | Reached skill level 3 in Polearms
  4788 | D:6      | Reached skill level 4 in Polearms
  4813 | D:6      | Reached * piety under Kikubaaqudgha
  4813 | D:6      | Received a gift from Kikubaaqudgha
  4824 | D:6      | Reached skill level 5 in Polearms
  5497 | D:7      | Noticed a hellwing
  5500 | D:7      | Noticed a hellwing
  5630 | D:7      | Reached skill level 6 in Polearms
  5630 | D:7      | Gained mutation: You frequently emit foul miasma when
                  | damaged in melee. [demonic ancestry]
  5630 | D:7      | Reached XP level 9. HP: 40/69 MP: 9/15
  5775 | D:7      | Reached skill level 7 in Polearms
  5799 | D:7      | Reached skill level 8 in Polearms
  6035 | D:7      | Found a sacrificial altar of Ru.
  6100 | D:7      | Noticed a moth of wrath
  6214 | D:7      | Found a bloodstained altar of Trog.
  6397 | D:7      | Reached skill level 9 in Polearms
  6420 | D:7      | Reached ** piety under Kikubaaqudgha
  6421 | D:7      | Reached XP level 10. HP: 50/76 MP: 5/16
  6437 | D:7      | Reached skill level 10 in Polearms
  6967 | D:8      | Noticed a two-headed ogre
  6985 | D:8      | Killed a two-headed ogre
  6986 | D:8      | Reached skill level 11 in Polearms
  7108 | D:8      | Noticed a gargoyle
  7308 | D:8      | Killed a gargoyle
  7448 | D:8      | Reached skill level 12 in Polearms
  7448 | D:8      | Noticed a five-headed hydra
  7460 | D:8      | Killed a five-headed hydra
  7460 | D:8      | Reached *** piety under Kikubaaqudgha
  7460 | D:8      | Received a gift from Kikubaaqudgha
  7535 | D:8      | Learned a level 4 spell: Animate Dead
  7572 | D:8      | Noticed a cyclops
  7582 | D:8      | Reached skill level 1 in Necromancy
  7583 | D:8      | Killed a cyclops
  7599 | D:8      | Gained mutation: When seriously injured, your blood forms
                  | thick armour. (AC +0) [demonic ancestry]
  7599 | D:8      | Reached XP level 11. HP: 79/81 MP: 10/17
  8572 | D:9      | Reached skill level 5 in Necromancy
  8684 | D:9      | Found a flagged portal.
  8708 | Bailey   | Entered a bailey
  8790 | Bailey   | Found a large runed translucent door.
  8790 | Bailey   | Found a large runed translucent door.
  8812 | Bailey   | Reached **** piety under Kikubaaqudgha
  8821 | Bailey   | Noticed an orc knight
  8854 | Bailey   | Killed an orc knight
  9130 | Bailey   | Identified the +9 falchion of Nobbes {venom, rC- rN++
                  | Will+++ Str+3}
  9130 | Bailey   | Noticed a deep elf pyromancer
  9131 | Bailey   | Found the +10 Black Knight's barding {ponderous, rPois rN+}
  9247 | Bailey   | Killed a deep elf pyromancer
  9571 | D:9      | Noticed Psyche
  9580 | D:9      | Killed Psyche
  9583 | D:9      | Engulfed by their own flame

Illustrated notes

Levels and vault maps discovered:
D:1:      dpeg_arrival_three_smaller_balls, layout_rooms, serial_shops, shop,
          minmay_indecisive_spiral
D:2:      minmay_chambers_of_ones, layout_loops_ring
D:3:      layout_basic, nicolae_overflow_crystal_walls, evilmike_ruin_ashenzari,
          serial_aquarium, aquarium_bridge_long_joined
          [aquarium_subvault_window, aquarium_subvault_wall,
          aquarium_subvault_wall, aquarium_subvault_wall,
          aquarium_subvault_bridge, aquarium_subvault_balcony],
          aquarium_window_1, aquarium_window_1, aquarium_window_double,
          aquarium_view_2c, aquarium_balcony_3a, aquarium_pool_2,
          nrook_loot_triangle, uniq_grinder
D:4:      layout_loops_ring, nicolae_overflow_two_pavilions, nrook_campfire
D:5:      layout_rooms, minmay_temple_entry_overgrown
D:6:      layout_cave_pools, vehumet_altar_wand_db
D:7:      cheibrodos_grave_circle, layout_rooms,
          nicolae_ru_the_path_less_chosen, tgw_trog, st_stairs_4,
          kennysheep_another_room, small_statue_intersection
D:8:      wad_river_or_something, layout_basic, hangedman_minor_gate_pass
D:9:      layout_rooms, nicolae_dithmenos_the_darkroom, enter_bailey_7,
          special_room [special_room_orc], uniq_psyche
Temple:   jpeg_temple_clearing

Skill      XL: |  1  2  3  4  5  6  7  8  9 10 11 |
---------------+----------------------------------+-----
Spellcasting   | 3 4 |  4.2
Stealth        | 2 3 |  3.0
Fighting       | 1 3 5 6 |  6.1
Summonings     | 5 6 |  6.0
Hexes          | 2 3 |  3.3
Polearms       | 6 9 12 | 12.5
Necromancy     | 3 7 |  7.6
Dodging        | |  1.7

Action                     |  1- 3 |  4- 6 |  7- 9 | 10-12 || total
---------------------------+-------+-------+-------+-------++-------
  Melee: Unarmed           |    30 |       |       |     6 ||    36
         Rapier            |    50 |    35 |       |       ||    85
         Dagger            |     5 |       |       |       ||     5
         Touch             |     4 |    14 |    27 |     7 ||    52
         Short sword       |       |    65 |    51 |       ||   116
         Trident           |       |       |   112 |    56 ||   168
         Punch             |       |       |     2 |       ||     2
         Halberd           |       |       |       |   153 ||   153
   Cast: Summon Small Mamm |    31 |    17 |    27 |     5 ||    80
         Call Imp          |     3 |     8 |    12 |     4 ||    27
         Call Canine Famil |       |     6 |    22 |    11 ||    39
         Summon Guardian G |       |       |     9 |    43 ||    52
         Animate Dead      |       |       |       |     3 ||     3
    Use: Scroll            |       |     7 |       |     2 ||     9
         Potion            |       |       |       |     5 ||     5
   Stab: Distracted        |     1 |     2 |     3 |     6 ||    12
         Sleeping          |     2 |     7 |     7 |     3 ||    19
 Armour: Robe              |    29 |    20 |    31 |    23 ||   103
         Steam dragon scal |       |       |       |     3 ||     3
         Skin              |       |       |       |     1 ||     1
  Dodge: Dodged            |    85 |    78 |    94 |   124 ||   381
